 Dungeon Crawl Stone Soup version 0.27-a0-1281-ge233d83751 (webtiles) character file.

Game seed: 6185745820429645576

63 mandarbmax the Insei (level 4, -1/32 HPs)
             Began as a Merfolk Transmuter on June 13, 2021.
             Slain by Sigmund (5 damage)
             ... on level 2 of the Dungeon.
             The game lasted 00:03:43 (2569 turns).

mandarbmax the Insei (Merfolk Transmuter)           Turns: 2569, Time: 00:03:44

Health: -1/32      AC:  2    Str: 10    XL:     4   Next: 10%
Magic:  3/7        EV: 20    Int: 12    God:
Gold:   66         SH:  0    Dex: 20    Spells: 1/7 levels left

rFire    . . .     SeeInvis .     - Unarmed
rCold    . . .     Faith    .   (shield currently unavailable)
rNeg     . . .     Spirit   .   (armour currently unavailable)
rPois    x         Reflect  .   (helmet currently unavailable)
rElec    .         Harm     .   (cloak currently unavailable)
rCorr    +         Rampage  .   (gloves currently unavailable)
Will     .....                  (boots currently unavailable)
Stlth    ++........             (no amulet)
HPRegen  0.10/turn              j - ring of resist corrosion
MPRegen  0.10/turn              (no ring)

@: spider-form (expiring), wereblooded
A: venomous fangs, tiny, (nimble swimmer 2), (mertail)
a: End Transformation


You were on level 2 of the Dungeon.
You were a venomous arachnid creature.
You visited 1 branch of the dungeon, and saw 2 of its levels.

You collected 66 gold pieces.

Inventory:

Armour
 a - a +0 robe (melded)
 f - a +0 pair of boots (melded)
Jewellery
 j - a ring of resist corrosion (left front leg)
Scrolls
 c - 2 scrolls of immolation {unknown}
 d - 2 scrolls of identify {unknown}
 g - a scroll of amnesia {unknown}
 h - a scroll of teleportation {unknown}
 i - a scroll of enchant armour {unknown}
Potions
 b - 3 potions of curing
 e - a potion of heal wounds {unknown}


   Skills:
 + Level 1.1 Fighting
 + Level 3.0 Dodging
 * Level 4.0 Unarmed Combat
 - Level 2.0 Spellcasting
 - Level 4.0 Transmutations
 - Level 2.0 Poison Magic


You had one spell level left.
You knew the following spells:

 Your Spells              Type           Power      Damage    Failure   Level
a - Beastly Appendage     Tmut           20%        N/A       16%         1
b - Wereblood             Tmut           10%        N/A       21%         2
c - Spider Form           Tmut/Pois      4%         N/A       45%         3

Your spell library contained the following spells:

 Spells                   Type           Power      Damage    Failure   Level
 Ice Form                 Ice/Tmut       6%         N/A       89%         4


Dungeon Overview and Level Annotations

Branches:
Dungeon (2/15)

Altars:

Shops:
D:1 !

Annotations:
D:2 Sigmund


Innate Abilities, Weirdness & Mutations

You are a venomous arachnid creature.
You have poisonous fangs.
You are tiny and dextrous.
Your spellcasting is less reliable in this form.
Your armour is entirely melded.
You are incapable of wielding weapons or throwing items.
((You are quick and stealthy near water. (Stealth+, EV+, Speed+++)))
((Your lower body shifts to a powerful aquatic tail in water.))


Message History

b - 4 bubbling ruby potions (gained 2)
You see here a +0 hunting sling.
Found 15 stones.
Sigmund the Dreaded comes into view.
He is wielding a +2 vorpal scythe.
Sigmund shouts!
j - a ring of resist corrosion (left hand)
Casting: Spider Form (quite dangerous; 24% risk of failure)
Confirm with . or Enter, or press ? or * to list all spells.
Your blood is infused with primal strength.
It was a potion of curing.
You feel better. Sigmund gestures at you while chanting.
You are confused.
You bump into the rock wall.
You're too confused to move!
You feel less confused.
Sigmund points at you and mumbles some strange words.
You resist with some effort.
Casting: Wereblood (safe; 8% risk of failure)
Confirm with . or Enter, or press ? or * to list all spells.
The spell is quite dangerous to cast (24% risk of failure)!
Continue anyway?
You turn into a venomous arachnid creature.
Your +0 pair of boots melds into your body.
Your +0 robe melds into your body.
Sigmund casts a spell at you. The magic dart hits you!
You hit Sigmund.
Sigmund is lightly wounded.
Sigmund gestures at you while chanting. The magic dart hits you.
You completely miss Sigmund.
Sigmund is lightly wounded.
Sigmund closely misses you.
You barely miss Sigmund.
Sigmund is lightly wounded.
You hit Sigmund.
Sigmund is moderately wounded.
Your transformation is almost over.
Sigmund hits you with a +2 vorpal scythe!
* * * LOW HITPOINT WARNING * * *
You die...

###### #...............
.....# #...............
.....# #...............
.....######...............
.....#....................
......>#####.............#
.....### ##...........#
.....# ####.@.###### .....#
##s### .....## #..# ####..#
#.## ##.### #.# #...## ##.#
######..# ##..#
#.......####...#
#.........##..## #######
#..............######.....#


You could see Sigmund.

Vanquished Creatures
  3 adders (D:2)
  5 ball pythons
  5 bats
  3 endoplasms
  2 giant cockroaches (D:1)
  3 goblins (D:1)
  3 hobgoblins
  A kobold (D:1)
  2 quokkas
  3 frilled lizards (D:1)
  5 rats
35 creatures vanquished.

Notes
Turn   | Place    | Note
-------+----------+-------------------------------------------
     0 | D:1      | mandarbmax the Merfolk Transmuter began the quest for the
                  | Orb.
     0 | D:1      | Reached XP level 1. HP: 15/15 MP: 3/3
   138 | D:1      | Reached XP level 2. HP: 19/21 MP: 5/5
   199 | D:1      | Learned a level 2 spell: Wereblood
   412 | D:1      | Found a faded altar of an unknown god.
   893 | D:1      | Reached XP level 3. HP: 23/26 MP: 4/6
   897 | D:1      | Learned a level 3 spell: Spider Form
  1206 | D:1      | Found Ivipia's Distillery.
  1328 | D:2      | Found Moicusu's Jewellery Shop.
  2335 | D:2      | Reached skill level 1 in Poison Magic
  2435 | D:2      | Reached XP level 4. HP: 31/32 MP: 3/7
  2555 | D:2      | Noticed Sigmund
  2569 | D:2      | Slain by Sigmund

Illustrated notes

Levels and vault maps discovered:
D:1:      lemuel_arrival_broad_hall, layout_basic,
          shapermc_ecumenical_altar_mp_ritualfount, serial_shops,
          nicolae_shop_crystal, kennysheep_pointless_box,
          minmay_tree_intersection, minmay_distorted
D:2:      layout_rooms, serial_shops, shop, uniq_sigmund

Skill      XL: |  1  2  3 |
---------------+----------+-----
Dodging        | 3 |  3.0
Unarmed Combat | 4 |  4.0
Transmutations | 3 4 |  4.0
Poison Magic   | 2 |  2.0
Fighting       | |  1.1
Spellcasting   | |  2.0

Action                   |  1- 3 |  4- 6 || total
-------------------------+-------+-------++-------
Melee: Unarmed           |    90 |     6 ||    96
       Headbutt          |     6 |       ||     6
 Cast: Beastly Appendage |    22 |       ||    22
       Wereblood         |     4 |     1 ||     5
       Spider Form       |     5 |     1 ||     6
  Use: Potion            |       |     1 ||     1
Armor: Robe              |    11 |       ||    11
       Skin              |     1 |       ||     1
Dodge: Dodged            |    61 |     3 ||    64

Table legend: (Time is in decaauts)
 A = Elapsed time spent in this place.
 B = Non-inter-level travel time spent in this place.
 C = Inter-level travel time spent in this place.
 D = Time resting spent in this place.
 E = Time spent auto-exploring this place.
 F = Levels seen in this place.
 G = Mean time per level.
                   A        B        C        D        E       F      G
               +--------+--------+--------+--------+--------+-----+--------+
         Total |   2561 |   2549 |     12 |    733 |   1564 |   2 | 1280.5 |
       Dungeon |   2561 |   2549 |     12 |    733 |   1564 |   2 | 1280.5 |
               +--------+--------+--------+--------+--------+-----+--------+

Top non-repeatable levels by time:
     D:1: 1323 daAuts
     D:2: 1237 daAuts
